 Dungeon Crawl Stone Soup version 0.19.1-1-g22dce08 (webtiles) character file.

1036 Jynx the Arsonist (level 8, -7/41 HPs)
             Began as a Tengu Fire Elementalist on Jan 16, 2017.
             Was a Follower of Vehumet.
             Mangled by Duvessa
             ... wielding a +0 rapier
              (22 damage)
             ... on level 5 of the Dungeon.
             The game lasted 00:12:07 (6261 turns).

Jynx the Arsonist (Tengu Fire Elementalist)         Turns: 6261, Time: 00:12:07

Health: -7/41      AC:  5    Str: 16    XL:     8   Next: 24%
Magic:  2/15       EV: 12    Int: 19    God:    Vehumet [*.....]
Gold:   202        SH:  0    Dex: 14    Spells: 5 memorised, 1 level left

rFire  + . .     SeeInvis .     u - +7 dagger "Hycviucw" {drain, *Corrode rPois rC- Str+8}
rCold  x . .     Gourm    .     p - +1 leather armour of Entitlement {rF+}
rNeg   + . .     Faith    .     (no shield)
rPois  +         Spirit   .     (helmet restricted)
rElec  .         Reflect  .     w - +0 cloak
rCorr  .         Harm     +     (no gloves)
MR     +....                    (boots unavailable)
Stlth  ++........               n - amulet of harm
                                h - ring of protection from magic
                                l - ring of positive energy

@: no status effects
A: beak, talons 3, able to fly 1
a: Fly, Renounce Religion


You were on level 5 of the Dungeon.
You worshipped Vehumet.
Vehumet was aware of your devotion.
You were hungry.

You visited 2 branches of the dungeon, and saw 6 of its levels.

You collected 202 gold pieces.

Inventory:

Hand Weapons
 e - a +1 short sword
 u - the +7 dagger "Hycviucw" (weapon) {drain, *Corrode rPois rC- Str+8}
   (You found it on level 4 of the Dungeon)

   A truly terrible weapon, it drains the life of those it strikes.
   It affects your strength (+8).
   It makes you vulnerable to cold.
   It protects you from poison.
   It may corrode you when you take damage.
Armour
 a - a +1 robe
 p - the +1 leather armour of Entitlement (worn) {rF+}
   (You found it on level 4 of the Dungeon)

   It protects you from fire.
 w - a +0 cloak (worn)
Jewellery
 h - a ring of protection from magic (right hand)
 l - a ring of positive energy (left hand)
 n - an amulet of harm (around neck)
Scrolls
 r - 2 scrolls of remove curse
Potions
 d - 2 potions of ambrosia
 f - 3 potions of brilliance
 i - 6 potions of curing
 j - 2 potions of cancellation
 k - a potion of invisibility
 m - a potion of magic {unknown}
 o - a potion of might
 q - a potion of berserk rage
 s - a potion of heal wounds {unknown}
 t - a potion of haste {unknown}
Books
 b - a book of Flames

   Spells                             Type                      Level
   a - Flame Tongue                   Conjuration/Fire             1
   b - Throw Flame                    Conjuration/Fire             2
   c - Conjure Flame                  Conjuration/Fire             3
   d - Inner Flame                    Hexes/Fire                   3
   e - Sticky Flame                   Conjuration/Fire             4
   f - Fireball                       Conjuration/Fire             5
Comestibles
 c - 2 bread rations
 g - 2 meat rations
 v - 4 chunks of flesh


   Skills:
 + Level 0.4 Short Blades
 + Level 0.2 Armour
 - Level 2.1 Dodging
 - Level 2.0 Stealth
 + Level 4.3 Spellcasting
 + Level 6.4 Conjurations
 * Level 8.0 Fire Magic


You had one spell level left.
You knew the following spells:

 Your Spells              Type           Power        Failure   Level  Hunger
a - Flame Tongue          Conj/Fire      ####.        1%          1    None
b - Conjure Flame         Conj/Fire      ####....     2%          3    ###....
c - Sticky Flame          Conj/Fire      ####....     12%         4    ####...
d - Fireball              Conj/Fire      ####......   28%         5    ######.
e - Magic Dart            Conj           ####         1%          1    None


Dungeon Overview and Level Annotations

Branches:
Dungeon (5/15)             Temple (1/1) D:4

Altars:
Ru
Uskayaw
Vehumet
Zin

Annotations:
D:5 Duvessa


Innate Abilities, Weirdness & Mutations

You have a beak for a mouth.
You have claws for feet.
You can fly.


Message History

Duvessa is almost dead.
Duvessa completely misses you.
Casting: Flame Tongue
Confirm with . or Enter, or press ? or * to list all spells.
Aiming: Flame Tongue
Press: ? - help, Shift-Dir - straight line, f/p - Duvessa
Aim: Duvessa, wielding a rapier and wearing a scale mail (almost dead, berserk, fast, unusually strong)
The flame tongue hits Duvessa.
Duvessa is almost dead.
Duvessa hits you but does no damage.
Casting: Flame Tongue
Confirm with . or Enter, or press ? or * to list all spells.
Aiming: Flame Tongue
Press: ? - help, Shift-Dir - straight line, f/p - Duvessa
Aim: Duvessa, wielding a rapier and wearing a scale mail (almost dead, berserk, fast, unusually strong)
The flame tongue hits Duvessa.
Duvessa is almost dead.
Duvessa hits you with a rapier! Duvessa hits you with a rapier!!
Ouch! That really hurt!
You die...

≈≈≈≈≈≈≈P≈≈♣≈≈# ####?.?
#.# .....≈.≈≈≈≈≈≈## ...
### ..............#
####### ...≈..........#
#.....#
≈≈≈≈PP≈.≈.♣...####
#.._..#
≈≈≈≈≈≈≈≈P≈≈##....#
#.....#
≈≈≈≈≈P≈≈≈≈.#####.#
###'### ≈≈≈≈≈≈P≈≈#.# #.#
#..#
≈P≈≈≈≈≈PP#.#####@####..#
.≈P≈♣≈≈≈≈.......e.....##
##♣♣♣♣P♣.###.###.######
.. #.# #.# #......#
#§###.... .). #. ...


You could see Duvessa (berserk).

Vanquished Creatures
  Grinder (D:3)
  An ice beast (D:4)
  Blork the orc (D:4)
  Dowan (D:5)
  2 crimson imps (D:5)
  The ghost of Siegfriedson the Conjurer, a weakling DECj (D:3)
  A quasit (D:5)
  A hound (D:4)
  Crazy Yiuf (D:5)
  2 orc priests
  An orc wizard (D:5)
  Terence (D:2)
  A worker ant (D:4)
  12 gnolls
  6 adders
  An adder skeleton (D:4)
  2 worms (D:2)
  2 dart slugs
  2 leopard geckos
  7 orcs
  A ball python (D:4)
  6 giant cockroaches
  13 goblins
  9 hobgoblins
  14 jackals
  2 quokkas
  13 bats
  5 frilled lizards
  13 kobolds
  8 rats
131 creatures vanquished.

Notes
Turn   | Place    | Note
-------+----------+-------------------------------------------
     0 | D:1      | Jynx the Tengu Fire Elementalist began the quest for the Orb.
     0 | D:1      | Reached XP level 1. HP: 10/10 MP: 4/4
   179 | D:1      | Reached XP level 2. HP: 8/15 MP: 0/6
   612 | D:1      | Reached skill level 4 in Fire Magic
   612 | D:1      | Reached XP level 3. HP: 4/19 MP: 0/7
   617 | D:1      | Learned a level 3 spell: Conjure Flame
  1218 | D:2      | Reached XP level 4. HP: 21/24 MP: 2/8
  1352 | D:2      | Found a sacrificial altar of Ru.
  1536 | D:2      | Noticed Terence
  1567 | D:2      | Killed Terence
  1753 | D:2      | Gained mutation: You can fly. [Tengu growth]
  1753 | D:2      | Reached XP level 5. HP: 23/28 MP: 7/9
  2031 | D:2      | Reached skill level 5 in Fire Magic
  3170 | D:3      | Learned a level 4 spell: Sticky Flame
  3234 | D:3      | Reached XP level 6. HP: 32/32 MP: 8/11
  3260 | D:3      | Noticed Grinder
  3274 | D:3      | Killed Grinder
  3274 | D:3      | Reached skill level 6 in Fire Magic
  3446 | D:3      | Reached XP level 7. HP: 36/36 MP: 10/13
  3554 | D:3      | Noticed Siegfriedson's ghost (weakling DECj)
  3567 | D:3      | Killed Siegfriedson's ghost
  3888 | D:4      | Learned a level 5 spell: Fireball
  3906 | D:4      | Found a staircase to the Ecumenical Temple.
  3912 | Temple   | Entered the Ecumenical Temple
  3948 | Temple   | Became a worshipper of Vehumet
  4248 | D:4      | Reached skill level 5 in Conjurations
  4382 | D:4      | Got a brightly glowing leather armour
  4393 | D:4      | Identified the cursed +1 leather armour of Entitlement {rF+} (You found it on level 4 of the Dungeon)
  4403 | D:4      | Reached skill level 7 in Fire Magic
  4875 | D:4      | Noticed Blork the orc
  4882 | D:4      | Killed Blork the orc
  4990 | D:4      | Reached * piety under Vehumet
  4990 | D:4      | Offered knowledge of Magic Dart by Vehumet.
  5098 | D:4      | Got a transparent dagger
  5099 | D:4      | Identified the +7 dagger "Hycviucw" {drain, *Corrode rPois rC- Str+8} (You found it on level 4 of the Dungeon)
  5751 | D:5      | Entered Level 5 of the Dungeon
  5762 | D:5      | Reached XP level 8. HP: 41/41 MP: 8/15
  5843 | D:5      | Learned a level 1 spell: Magic Dart
  6097 | D:5      | Found a runed door.
  6101 | D:5      | Noticed Crazy Yiuf
  6104 | D:5      | Killed Crazy Yiuf
  6236 | D:5      | Found a glowing silver altar of Zin.
  6247 | D:5      | Noticed Dowan
  6248 | D:5      | Noticed Duvessa
  6252 | D:5      | Killed Dowan
  6252 | D:5      | Reached skill level 8 in Fire Magic
  6261 | D:5      | Mangled by Duvessa

Skill      XL: |  1  2  3  4  5  6  7  8 |
---------------+-------------------------+-----
Conjurations   | 2 3 4 6 |  6.4
Fire Magic     | 4 5 6 7 8 |  8.0
Spellcasting   | 3 4 |  4.3
Short Blades   | |  0.4
Armour         | |  0.2
Dodging        | |  2.1
Stealth        | |  2.0

Action                   |  1- 3 |  4- 6 |  7- 9 || total
-------------------------+-------+-------+-------++-------
Melee: Short sword       |     9 |    22 |       ||    31
       Kick              |     3 |     5 |       ||     8
       Peck              |     1 |     3 |       ||     4
       Dagger            |       |       |     7 ||     7
 Cast: Flame Tongue      |    46 |   113 |   124 ||   283
       Conjure Flame     |       |     3 |     4 ||     7
       Sticky Flame      |       |       |     3 ||     3
       Magic Dart        |       |       |    11 ||    11
  Use: Scroll            |     6 |     4 |     8 ||    18
  Eat: Chunk             |     2 |     7 |     8 ||    17
       Fruit             |       |       |     1 ||     1
Armor: Robe              |     2 |     6 |       ||     8
       Leather armour    |       |       |     7 ||     7
Dodge: Dodged            |    11 |    28 |    27 ||    66
